 Dungeon Crawl Stone Soup version 0.30.1-4-g462c640d31 (webtiles) character file.

Game seed: 14586731176258901548

45 Gabide the Shooter (level 3, -2/43 HPs)
             Began as a Demigod Hunter on Aug 20, 2023.
             Slain by Sigmund
             ... wielding a +4 scythe of flaming
              (6 damage)
             ... on level 2 of the Dungeon.
             The game lasted 00:02:12 (1415 turns).

Gabide the Shooter (Demigod Hunter)                 Turns: 1415, Time: 00:02:13

Health: -2/43      AC:  3    Str: 12    XL:     3   Next: 25%
Magic:  5/5        EV: 12    Int: 11    God:
Gold:   85         SH:  0    Dex: 21    Spells: 2/2 levels left

rFire   . . .        (no weapon)
rCold   . . .        (no shield)
rNeg    . . .        c - +0 leather armour
rPois   .            (no helmet)
rElec   .            (no cloak)
rCorr   .            (no gloves)
SInv    .            (no boots)
Will    .....        (no amulet) Stlth
                     (no ring)
HPRegen 0.27/turn    (no ring)
MPRegen 0.09/turn

%: no passive effects
@: berserking, very quick
A: high MP 1, forlorn, divine attributes
a: no special abilities


You were on level 2 of the Dungeon.
You visited 1 branch of the dungeon, and saw 2 of its levels.

You collected 85 gold pieces.

Inventory:

Hand Weapons
 a - a +0 shortbow
Armour
 c - a +0 leather armour (worn)
Scrolls
 b - a scroll of immolation
 f - a scroll of fear
 h - a scroll of noise {unknown}


   Skills:
 + Level 2.3 Fighting
 * Level 4.2 Ranged Weapons
 + Level 2.2 Dodging
 - Level 1.0 Stealth


You had 2 spell levels left.
You didn't know any spells.
Your spell library contained the following spells:

 Spells                   Type           Power      Damage    Failure   Level
 Apportation              Tloc           0%         N/A       41%         1
 Necrotise                Necr           0%         1d4       41%         1
 Summon Small Mammal      Summ           0%         N/A       41%         1


Dungeon Overview and Level Annotations

Branches:
Dungeon (2/15)

Annotations:
D:2 Sigmund


Innate Abilities, Weirdness & Mutations

You have an increased reservoir of magic. (+10% MP)
You shall have no god before yourself.
Your divine heritage dramatically boosts your attributes as you level up.


Message History

* * * LOW HITPOINT WARNING * * *
Something burns you.
* * * LOW HITPOINT WARNING * * *
You feel better. Something hits you!
* * * LOW HITPOINT WARNING * * *
Something burns you.
* * * LOW HITPOINT WARNING * * *
You feel much better. Something hits you! Something burns you.
* * * LOW HITPOINT WARNING * * *
Fire: a) +0 shortbow
Press: ? - help, Q - select action Shift-Dir - straight line, f - you You shoot an arrow.
Something hits you but does no damage.
Okay, then.
You feel much better.
Fire: a) +0 shortbow
Press: ? - help, Q - select action Shift-Dir - straight line, f - you You shoot an arrow.
Something hits you but does no damage.
Fire: a) +0 shortbow
Press: ? - help, Q - select action Shift-Dir - straight line, f - you You shoot an arrow.
Something hits you! Something burns you.
Fire: a) +0 shortbow
Press: ? - help, Q - select action Shift-Dir - straight line, f - you You shoot an arrow.
A magic dart appears from out of thin air!
The magic dart hits you.
It was a potion of berserk rage.
A red film seems to cover your vision as you go berserk!
You feel yourself moving faster!
You feel mighty! Something hits you!
* * * LOW HITPOINT WARNING * * *
Something burns you.
* * * LOW HITPOINT WARNING * * *
Okay, then.
Unknown command.
You are now empty-handed.
You feel a strong urge to attack something.
You barely miss something. Your punch misses something. Something hits you.
You die...

#<# # #.# # #.# # #.# #
####+## #.# ### ....... .#.
#.###.. ....... ... #.#....
.......########.##.# #.#....
.....:.>..{@.......# #.#....
.......#..#####.######.#....
.......#.....##.#...........
####+######..)#.#.####.#.###
........#.#.#.#....#.#
..........#.#.#.##.#.#
......................
.........##.#.#......#
.........##.#.########


There were no monsters in sight!

Vanquished Creatures
  2 adders (D:2)
  4 bats
  An endoplasm (D:2)
  A giant cockroach (D:1)
  2 goblins (D:1)
  2 hobgoblins
  3 kobolds
  A quokka (D:2)
  4 ball pythons
  2 frilled lizards (D:2)
  7 rats
29 creatures vanquished.

Notes
Turn   | Place    | Note
-------+----------+-------------------------------------------
     0 | D:1      | Gabide the Demigod Hunter began the quest for the Orb.
     0 | D:1      | Reached XP level 1. HP: 17/17 MP: 3/3
    54 | D:1      | Reached skill level 1 in Stealth
   226 | D:1      | Reached XP level 2. HP: 24/24 MP: 4/4
   545 | D:2      | Reached skill level 4 in Ranged Weapons
  1301 | D:2      | Reached XP level 3. HP: 14/29 MP: 5/5
  1389 | D:2      | Noticed Sigmund
  1405 | D:2      | HP: 1/29 [something (2)]
  1415 | D:2      | Slain by Sigmund

Illustrated notes

Levels and vault maps discovered:
D:1:      minmay_arrival_loop, layout_basic, nicolae_figureground_pulse
D:2:      layout_basic, minmay_tromino_v2, uniq_sigmund

Skill      XL: |  1  2 |
---------------+-------+-----
Stealth        | 1 |  1.0
Dodging        | 2 |  2.2
Fighting       | 2 |  2.3
Ranged Weapons | 4 |  4.2

Action                     || total
---------------------------++-------
  Melee: Unarmed           ||     1
   Fire: Shortbow          ||    85
    Use: Scroll            ||     3
         Potion            ||     5
 Armour: Leather armour    ||     9
  Dodge: Dodged            ||    21
